 Dungeon Crawl Stone Soup version 0.21-a0-243-g597973d (webtiles) character file.

5 tidbits the Insei (level 1, -1/15 HPs)
             Began as a Demigod Transmuter on Sept 4, 2017.
             Slain by a hobgoblin
             ... wielding a +0 club
              (2 damage)
             ... on level 1 of the Dungeon.
             The game lasted 00:01:58 (227 turns).

tidbits the Insei (Demigod Transmuter)               Turns: 227, Time: 00:01:59

Health: -1/15      AC:  2    Str: 13    XL:     1   Next: 53%
Magic:  4/5        EV: 12    Int: 17    God:
Gold:   47         SH:  0    Dex: 16    Spells: 3/4 levels left

rFire    . . .     SeeInvis .     - Unarmed
rCold    . . .     Gourm    .   (no shield)
rNeg     . . .     Faith    .   b - +0 robe
rPois    .         Spirit   .   (no helmet)
rElec    .         Reflect  .   (no cloak)
rCorr    .         Harm     .   (no gloves)
MR       .....                  (no boots)
Stlth    +.........             (no amulet)
HPRegen  0.05/turn              (no ring)
MPRegen  0.09/turn              (no ring)

@: very slightly contaminated, hasted, very quick
A: high mp 1
a: no special abilities


You were on level 1 of the Dungeon.
You were not hungry.

You visited 1 branch of the dungeon, and saw 2 of its levels.

You collected 47 gold pieces.

Inventory:

Missiles
 a - 12 arrows
 h - 21 stones (quivered)
Armour
 b - a +0 robe (worn)
Scrolls
 e - a scroll of identify {unknown}
 g - 3 scrolls of magic mapping {unknown}
Books
 c - a book of Changes

   Spells                             Type                      Level
   a - Beastly Appendage              Transmutation                1
   b - Sticks to Snakes               Transmutation                2
   c - Spider Form                    Transmutation/Poison         3
   d - Ice Form                       Ice/Transmutation            4
   e - Blade Hands                    Transmutation                5
Comestibles
 d - 3 bread rations
 f - a royal jelly
 j - 2 chunks of flesh


   Skills:
 - Level 0.8 Fighting
 - Level 1.7 Dodging
 + Level 2.8 Unarmed Combat
 - Level 2.0 Spellcasting
 + Level 1.8 Transmutations


You had 3 spell levels left.
You knew the following spells:

 Your Spells              Type           Power        Failure   Level  Hunger
e - Beastly Appendage     Tmut           #.....       9%          1    #......


Dungeon Overview and Level Annotations

Branches:
Dungeon (2/15)


Innate Abilities, Weirdness & Mutations

You have an increased reservoir of magic. (+10% MP)


Message History

h - 21 stones
Found a bread ration.
A kobold comes into view.
The kobold throws a stone.
The stone barely misses you.
You open the door.
There is an open door here.
Casting: Beastly Appendage
Confirm with . or Enter, or press ? or * to list all spells.
Your feet morph into talons.
You hit the kobold but do no damage. You claw the kobold.
The kobold is severely wounded.
The kobold barely misses you.
You barely miss the kobold. Your kick misses the kobold.
The kobold is severely wounded.
The kobold hits you but does no damage.
You hit the kobold.
You kill the kobold!
Your transformation is almost over.
Your talons disappear.
Found a scroll labeled TYMNAM WATHATZ.
d - 2 bread rations (gained 1)
Found 10 gold pieces.
Found a mace and a plate armour.
Found a stone staircase leading down.
Found a scroll labeled TYMNAM WATHATZ.
Found 7 gold pieces.
There is a stone staircase leading down here.
You climb downwards.
Found 13 gold pieces, a bread ration and a scroll labeled OTHRURRONT.
There is a stone staircase leading up here.
d - 3 bread rations (gained 1)
You now have 30 gold pieces (gained 13).
There is a stone staircase leading up here.
You climb upwards.
There is a stone staircase leading down here.
Found a dagger.
g - 2 scrolls labeled TYMNAM WATHATZ (gained 1)
Found a silvery potion.
i - a silvery potion You now have 37 gold pieces (gained 7).
A dart slug comes into view.
Casting: Beastly Appendage
Confirm with . or Enter, or press ? or * to list all spells.
Your feet morph into talons.
The dart slug closely misses you.
You hit the dart slug.
The dart slug is moderately wounded.
The dart slug launches a dart at you. The slug dart hits you!
You barely miss the dart slug.
The dart slug is moderately wounded.
You hit the dart slug but do no damage. You claw the dart slug!
You kill the dart slug!
Your Spellcasting skill increases to level 2!
You see here a dart slug corpse.
You butcher the dart slug corpse.
j - 2 chunks of flesh Your talons disappear.
A giant cockroach comes into view.
You see here 10 gold pieces.
You now have 47 gold pieces (gained 10).
Casting: Beastly Appendage
Confirm with . or Enter, or press ? or * to list all spells.
Your feet morph into talons.
You completely miss the giant cockroach.
You claw the giant cockroach.
The giant cockroach is moderately wounded.
The giant cockroach misses you. The giant cockroach barely misses you.
You hit the giant cockroach.
The giant cockroach is almost dead.
The giant cockroach bites you.
You barely miss the giant cockroach. You claw the giant cockroach.
You kill the giant cockroach!
Your transformation is almost over.
Your talons disappear.
Found a stone staircase leading down.
g - 3 scrolls labeled TYMNAM WATHATZ (gained 1)
A hobgoblin comes into view. It is wielding a club.
A rat comes into view.
The rat bites you.
* * * LOW HITPOINT WARNING * * *
Casting: Beastly Appendage
Confirm with . or Enter, or press ? or * to list all spells.
You miscast Beastly Appendage.
You are very lightly contaminated with residual magic.
Nothing appears to happen.
The hobgoblin shouts!
The rat bites you.
* * * LOW HITPOINT WARNING * * *
You barely miss the rat. The rat bites you.
* * * LOW HITPOINT WARNING * * *
You hit the rat.
You kill the rat!
It was a potion of haste.
You feel yourself speed up. The hobgoblin hits you with a club.
* * * LOW HITPOINT WARNING * * *
You barely miss the hobgoblin.
A kobold comes into view. It is wielding a dagger.
The kobold shouts!
You hit the hobgoblin but do no damage. The hobgoblin hits you with a club.
You die...

. ##..... .. #..K....
.#### ......## . ....
........
...##..#.........
.................###.....
#..#.##>... .......
.......#g.#.... ......
....####@##..### .....
... #.#..... ..... .
##.#..# #. #... #.....#
#.# #... #.#.#.###..#
#... #..#.#..# #[. #...
#.#..##.# #.####...
#.#.###.# #......#.
........#####..####.


You could see a hobgoblin and a kobold.

Vanquished Creatures
  A dart slug (D:1)
  A giant cockroach (D:1)
  A kobold (D:1)
  A rat (D:1)
4 creatures vanquished.

Notes
Turn   | Place    | Note
-------+----------+-------------------------------------------
     0 | D:1      | tidbits the Demigod Transmuter began the quest for the Orb.
     0 | D:1      | Reached XP level 1. HP: 15/15 MP: 5/5
   173 | D:1      | Reached skill level 2 in Spellcasting
   225 | D:1      | HP: 1/15 [hobgoblin/club (3)]
   227 | D:1      | Slain by a hobgoblin

Vault maps used:
D:1:      matt_arrival_refuge
D:2:      vehumet_crystals, serial_glass, glass_columns_a, glass_columns_a,
          glass_columns_a, glass_columns_b, glass_columns_a, glass_columns_a,
          glass_columns_a, glass_columns_b, glass_columns_a, glass_columns_c,
          tso_altar

Skill      XL: |  1 |
---------------+----+-----
Spellcasting   | 2 |  2.0
Fighting       | |  0.8
Dodging        | |  1.7
Unarmed Combat | |  2.8
Transmutations | |  1.8

Action                   || total
-------------------------++-------
Melee: Unarmed           ||    13
       Kick              ||     4
 Cast: Beastly Appendage ||     3
  Use: Potion            ||     1
Armor: Robe              ||     1
Dodge: Dodged            ||     5

Table legend:
 A = Spawn XP
 B = Non-spawn XP
 C = Spawn XP percentage of total XP
 D = Spawn monster count
 E = Non-spawn monster count
 F = Spawn count percentage of total count
 G = Total turns spent on level
                    A         B        C        D         E        F      G
               +---------+---------+-------+---------+---------+-------+---------
         Total |       0 |       8 |   0.0 |       0 |       4 |   0.0 |   227
               +---------+---------+-------+---------+---------+-------+---------
           D:1 |       0 |       8 |   0.0 |       0 |       4 |   0.0 |   214
               +---------+---------+-------+---------+---------+-------+---------

Table legend:
 A = Turns spent in this place as a percentage of turns spent in the entire game.
 B = Non-inter-level travel turns spent in this place as a percentage of non-inter-level travel turns spent in the entire game.
 C = Inter-level travel turns spent in this place as a percentage of turns spent in this place.
 D = Turns resting spent in this place as a percentage of non-inter-level travel turns spent in this place.
 E = Turns spent auto-exploring this place as a percentage of non-inter-level travel turns spent in this place.
 F = Non-inter-level travel turns spent in this place divided by the number of levels of this place that you've seen.
                   A       B       C       D       E      F
               +-------+-------+-------+-------+-------+----------------------
         Total | 100.0 | 100.0 |   0.0 |   0.0 |   0.0 | 113.5
       Dungeon | 100.0 | 100.0 |   0.0 |   0.0 |   0.0 | 113.5
               +-------+-------+-------+-------+-------+----------------------

Table legend:
 A = Kills in this place as a percentage of kills in entire the game.
 B = Kills by you in this place as a percentage of kills by you in the entire game.
 C = Kills by friends in this place as a percentage of kills by friends in the entire game.
 D = Other kills in this place as a percentage of other kills in the entire game.
 E = Experience gained in this place as a percentage of experience gained in the entire game.
 F = Experience gained in this place divided by the number of levels of this place that you have seen.
                   A       B       C       D       E      F
               +-------+-------+-------+-------+-------+----------------------
         Total | 100.0 | 100.0 |   N/A |   N/A | 100.0 |   4.0
       Dungeon | 100.0 | 100.0 |   N/A |   N/A | 100.0 |   4.0
               +-------+-------+-------+-------+-------+----------------------

Vault maps used:
D:1:      matt_arrival_refuge
D:2:      vehumet_crystals, serial_glass, glass_columns_a, glass_columns_a,
          glass_columns_a, glass_columns_b, glass_columns_a, glass_columns_a,
          glass_columns_a, glass_columns_b, glass_columns_a, glass_columns_c,
          tso_altar
